AoeStats
← Champy

Arabia

510949685Analyzed
1v1 RM · 19h ago on Oct 3, 2026· 20m 13s· 2 players
Game mode
Random Map
Map size
Tiny (2 player)
Population
200
Speed
Normal
Resources
Standard
Victory
Conquest
Starting age
Dark Age
Ending age
Imperial Age
RankedLock teamsTeams togetherTeam positionsShared explorationLock speedFull tech treeHidden civsTurbo modeCheats
Victory
Defeat
🇵🇹 Magyars · Portugal
1137
+14
1096
-14
队友打架我劝导
9:35 Feudal Age
12:01 Forging
19:51 Castle Age
19:33 Double-Bit Axe
19:48 Horse Collar
20:30 Scale Barding Armor
Champy
7:35 Loom
9:54 Feudal Age
14:03 Double-Bit Axe
Connection lost

Rejoining the realm…

Still unreachable

The connection could not be restored.

Session expired

The server has moved on; the page needs a fresh start.